 Dungeon Crawl Stone Soup version 0.19-a0-854-gc78d25d (webtiles) character file.

387 Implojin the Cleaver (level 6, -7/51 HPs)
             Began as a Minotaur Fighter on July 1, 2016.
             Mangled by an orc warrior
             ... wielding a +0 war axe
              (18 damage)
             ... on level 7 of the Dungeon.
             The game lasted 00:03:26 (688 turns).

Implojin the Cleaver (Minotaur Fighter)              Turns: 688, Time: 00:03:26

Health: -7/51      AC:  6    Str: 25    XL:     6   Next: 49%
Magic:  5/5        EV:  7    Int:  5    God:
Gold:   28         SH: 10    Dex: 12    Spells: 0 memorised, 5 levels left

rFire  . . .     SeeInvis +     a - +0 war axe
rCold  . . .     Gourm    .     b - +0 scale mail
rNeg   . . .     Faith    .     c - +0 shield
rPois  .         Spirit   .     (helmet restricted)
rElec  .         Dismiss  .     (no cloak)
rCorr  .         Reflect  .     (no gloves)
SustAt .         Harm     .     (no boots)
MR     .....                    (no amulet)
Stlth  ..........               (no ring)
                                p - ring of see invisible

@: mighty, not resistant to hostile enchantments, extremely unstealthy
A: retaliatory headbutt, horns 2
a: no special abilities


You were on level 7 of the Dungeon.
You were not hungry.

You visited 1 branch of the dungeon, and saw 7 of its levels.

You collected 28 gold pieces.

Inventory:

Hand Weapons
 a - a +0 war axe (weapon)
 j - a +0 blowgun
Missiles
 k - 17 poisoned needles
Armour
 b - a +0 scale mail (worn)
 c - a +0 shield (worn)
Magical Staves
 r - an uncursed staff of summoning {unknown}
Jewellery
 p - a ring of see invisible (left hand)
Wands
 q - a wand of acid (3/15)
Scrolls
 d - a scroll of amnesia {unknown}
 e - a scroll of teleportation {unknown}
 g - 2 scrolls of identify {unknown}
 i - a scroll of immolation {unknown}
 m - a scroll of enchant weapon {unknown}
 s - a scroll of enchant armour {unknown}
Potions
 h - 2 potions of curing
 l - a potion of flight {unknown}
 o - a potion of lignification {unknown}
Comestibles
 f - a bread ration


   Skills:
 - Level 3.6 Fighting
 * Level 8.4 Axes
 - Level 3.6 Armour
 - Level 3.6 Shields


You had 5 spell levels left.
You didn't know any spells.

Dungeon Overview and Level Annotations

Branches:
Dungeon (7/15)
 Temple: D:4-7

Altars:
Ashenzari
Fedhas
Pakellas
Zin


Innate Abilities, Weirdness & Mutations

You reflexively headbutt those who attack you in melee.
You have a pair of horns on your head.


Message History

The orc warrior shouts!
The orc warrior moves out of view.
Found 13 gold pieces.
An orc and an orc wizard come into view.
The orc shouts!
The orc wizard shouts!
An iguana comes into view.
The iguana hisses angrily.
There is a stone staircase leading down here.
Okay, then.
You feel very mighty all of a sudden.
Unknown command.
Unknown command.
You hit the orc wizard. You headbutt the orc wizard!
You kill the orc wizard!
You closely miss the orc warrior. The iguana bites you!
* * * LOW HITPOINT WARNING * * *
The orc warrior barely misses you. You furiously retaliate!
You headbutt the orc warrior.
Unknown command.
You closely miss the orc warrior.
The orc warrior is lightly wounded.
You hit the orc. You closely miss the iguana. The iguana bites you.
* * * LOW HITPOINT WARNING * * *
You block the orc's attack. You block the orc warrior's attack.
Unknown command.
Unknown command.
You slash the orc warrior!
The orc warrior is heavily wounded.
You closely miss the orc. You slash the iguana! You block the iguana's attack.
The orc hits you but does no damage. The orc warrior barely misses you.
Unknown command.
Your shield and scale mail prevent you from hitting the orc warrior.
The orc warrior is heavily wounded.
You barely miss the iguana. You closely miss the orc.
The iguana hisses menacingly.
The iguana bites you!
* * * LOW HITPOINT WARNING * * *
You block the orc's attack.
The orc warrior hits you with a war axe!!
You die...

#.........###.#
#..........##.# #
#........#.##.# .#
####..^.....#..#.#+#.##
.......#######.#.......
#####..# #.#.....# ###
#..# #.....o.# #####..#
##)o#+### +_+....# #o@#
#+###.## ##l# # #.# #.#
#.###.# #.# ......# #.#
.###.## #.# .....# #.#
###### #.#


You could see an orc warrior, an iguana and an orc.

Vanquished Creatures
  A hippogriff (D:4)
  A giant frog (D:7)
  2 scorpions
  A hound (D:6)
  An orc wizard (D:7)
  4 adders
  An orc (D:3)
  A goblin (D:1)
  A hobgoblin (D:3)
  A quokka (D:3)
  3 bats
  2 kobolds (D:3)
  A rat (D:3)
20 creatures vanquished.

Vanquished Creatures (others)
  An iguana (D:6)
1 creature vanquished.

Grand Total: 21 creatures vanquished

Notes
Turn   | Place    | Note
-------+----------+-------------------------------------------
     0 | D:1      | Implojin the Minotaur Fighter began the quest for the Orb.
     0 | D:1      | Reached XP level 1. HP: 19/19 MP: 0/0
    85 | D:3      | Reached skill level 3 in Axes
   112 | D:3      | Reached XP level 2. HP: 6/26 MP: 1/1
   186 | D:3      | Reached skill level 4 in Axes
   186 | D:3      | Reached XP level 3. HP: 15/31 MP: 2/2
   240 | D:4      | Noticed a hippogriff
   247 | D:4      | Killed a hippogriff
   247 | D:4      | Reached skill level 6 in Axes
   247 | D:4      | Reached XP level 4. HP: 9/39 MP: 3/3
   247 | D:4      | Reached XP level 5. HP: 11/45 MP: 4/4
   271 | D:5      | Entered Level 5 of the Dungeon
   271 | D:5      | Found a blossoming altar of Fedhas.
   456 | D:5      | Reached skill level 7 in Axes
   476 | D:6      | Found an oddly glowing altar of Pakellas.
   476 | D:6      | Noticed an orange crystal statue
   530 | D:6      | Found a shattered altar of Ashenzari.
   563 | D:7      | Reached XP level 6. HP: 13/51 MP: 5/5
   628 | D:7      | Reached skill level 8 in Axes
   636 | D:7      | Found a glowing silver altar of Zin.
   680 | D:7      | Noticed an orc warrior
   688 | D:7      | Mangled by an orc warrior

Vault maps used:
D:1:      minmay_arrival_split_and_join, hex_tiny
D:2:      cheibriados_altar_1
D:4:      gammafunk_temple_overflow_statue, first_bread, uniq_grinder
D:5:      fedhas_altar_1
D:6:      gammafunk_pakellas_statue_experiment, kiku_gazebo_pond_becter,
          cheibrodos_ashenzari_chains
D:7:      kennysheep_mini, lemuel_doored_altar, overflow_temple_1_default

Skill      XL: |  1  2  3  4  5  6 |
---------------+-------------------+-----
Axes           | 3 4 6 7 8 |  8.4
Fighting       | |  3.6
Armour         | |  3.6
Shields        | |  3.6

Action                   |  1- 3 |  4- 6 || total
-------------------------+-------+-------++-------
Melee: War axe           |    29 |    49 ||    78
       Headbutt          |     6 |     4 ||    10
  Use: Potion            |     2 |     2 ||     4
Armor: Scale mail        |    27 |    15 ||    42
Dodge: Dodged            |    18 |    14 ||    32
Block: Shield            |    23 |    24 ||    47

Table legend:
 A = Turns spent in this place as a percentage of turns spent in the entire game.
 B = Non-inter-level travel turns spent in this place as a percentage of non-inter-level travel turns spent in the entire game.
 C = Inter-level travel turns spent in this place as a percentage of turns spent in this place.
 D = Turns resting spent in this place as a percentage of non-inter-level travel turns spent in this place.
 E = Turns spent auto-exploring this place as a percentage of non-inter-level travel turns spent in this place.
 F = Non-inter-level travel turns spent in this place divided by the number of levels of this place that you've seen.
                   A       B       C       D       E      F
               +-------+-------+-------+-------+-------+----------------------
         Total | 100.0 | 100.0 |   0.0 |   0.0 |   0.0 |  99.6
       Dungeon | 100.0 | 100.0 |   0.0 |   0.0 |   0.0 |  99.6
               +-------+-------+-------+-------+-------+----------------------

Table legend:
 A = Kills in this place as a percentage of kills in entire the game.
 B = Kills by you in this place as a percentage of kills by you in the entire game.
 C = Kills by friends in this place as a percentage of kills by friends in the entire game.
 D = Other kills in this place as a percentage of other kills in the entire game.
 E = Experience gained in this place as a percentage of experience gained in the entire game.
 F = Experience gained in this place divided by the number of levels of this place that you have seen.
                   A       B       C       D       E      F
               +-------+-------+-------+-------+-------+----------------------
         Total | 100.0 | 100.0 |  -nan |  -nan | 100.0 |  79.1
       Dungeon | 100.0 | 100.0 |  -nan |  -nan | 100.0 |  79.1
               +-------+-------+-------+-------+-------+----------------------
